[Event "Team 45 45 League T37"]
[Site "Internet Chess Club"]
[Date "2008.05.05"]
[Round "2"]
[White "CMerli"]
[Black "expatriot"]
[Result "1-0"]
[WhiteElo "2325"]
[BlackElo "2154"]
[Opening "Queen's pawn: Keres defense"]
[ECO "A10"]
[Time "22:18:02"]
[TimeControl "2700+45"]

1. c4 b6 2. d4 e6 3. e4 Bb7 4. Bd3 Nc6 5. Ne2 Nb4 6. Nbc3 Nxd3+ 7. Qxd3 Ne7 8.
O-O d6 9. d5 g6 10. dxe6 fxe6 11. Nd4 Qd7 12. Qh3 Kf7 13. Nd5 Bg7 14. Qf3+ Kg8
15. Nf6+ Bxf6 16. Qxf6 Bxe4 17. Re1 Bf5 18. Bh6 Nc8 19. Qf8# {Black checkmated}
1-0

[Event "Team 45 45 League T37"]
[Site "Internet Chess Club"]
[Date "2008.05.10"]
[Round "2"]
[White "aksuw"]
[Black "trophyking"]
[Result "1-0"]
[WhiteElo "2159"]
[BlackElo "2271"]
[Opening "Grünfeld: Russian, Byrne (Simagin) variation"]
[ECO "D97"]
[Time "16:51:42"]
[TimeControl "2700+45"]

1. d4 Nf6 2. c4 g6 3. Nc3 d5 4. Qb3 Bg7 5. Nf3 dxc4 6. Qxc4 O-O 7. e4 Nc6 8. Be2
Bg4 9. d5 Na5 10. Qb4 c6 11. e5 Nxd5 12. Qxg4 Qc7 13. Nxd5 cxd5 14. O-O Bxe5 15.
Nxe5 Qxe5 16. Re1 Nc6 17. Bh6 Rfd8 18. b3 Rac8 19. Bf3 Qd6 20. Rad1 d4 21. Bf4
Qc5 22. Rc1 Qa3 23. Bxc6 Rxc6 24. Rxc6 bxc6 25. Qe2 d3 26. Qd2 Rd7 27. h3 Qa6
28. Qc3 f6 29. a4 Kf7 30. Bd2 Rd6 31. Qc5 Qb7 32. Bb4 Rd7 33. Qc4+ Kg7 34. Rd1
e5 35. Bc5 e4 36. b4 f5 37. f3 {Black resigns} 1-0

[Event "Team 45 45 League T37"]
[Site "Internet Chess Club"]
[Date "2008.05.03"]
[Round "2"]
[White "FriedEggs"]
[Black "TornadoRAM"]
[Result "0-1"]
[WhiteElo "1957"]
[BlackElo "2103"]
[Opening "King's Indian: Four pawns attack"]
[ECO "E76"]
[Time "21:57:53"]
[TimeControl "2700+45"]

1. d4 Nf6 2. c4 g6 3. Nc3 Bg7 4. e4 d6 5. f4 O-O 6. Nf3 e5 7. dxe5 dxe5 8. Qxd8
Rxd8 9. Nxe5 Re8 10. Be2 Nxe4 11. Nxe4 f6 12. Nxf6+ Bxf6 13. Nf3 Nc6 14. Kf2 Bf5
15. Rd1 Re7 16. a3 Rae8 17. Rd2 Na5 18. Bd1 Nxc4 19. Re2 Kg7 20. Ra2 Bb1 21. Ra1
Bd3 22. Rxe7+ Rxe7 23. Ra2 Nd6 24. a4 Ne4+ 25. Kg1 Rd7 26. Ra3 Be7 27. Ne5 Bc5+
{White resigns} 0-1

[Event "Team 45 45 League T37"]
[Site "Internet Chess Club"]
[Date "2008.05.03"]
[Round "2"]
[White "Speedy-Reedy"]
[Black "dmcheng"]
[Result "1-0"]
[WhiteElo "1984"]
[BlackElo "1344"]
[Opening "Sicilian: Smith-Morra gambit"]
[ECO "B21"]
[Time "07:30:23"]
[TimeControl "2700+45"]

1. e4 c5 2. d4 cxd4 3. c3 dxc3 4. Nxc3 Nc6 5. Nf3 d6 6. Bc4 e6 7. O-O Be7 8. Qe2
a6 9. Rd1 Qc7 10. h3 Nf6 11. Bg5 O-O 12. Rac1 Rd8 13. Bb3 Ne8 14. Bf4 Bd7 15.
Nd5 exd5 16. exd5 Bf6 17. dxc6 Bxc6 18. Nd4 Bxd4 19. Rxd4 Qb6 20. Qe7 Rd7 21.
Bxf7+ Kh8 22. Qf8# {Black checkmated} 1-0

[Event "Team 45 45 League T37"]
[Site "Internet Chess Club"]
[Date "2008.04.30"]
[Round "2"]
[White "Gail"]
[Black "Checkmates"]
[Result "1/2-1/2"]
[WhiteElo "2423"]
[BlackElo "2452"]
[Opening "King's Indian: orthodox variation"]
[ECO "E94"]
[Time "10:44:29"]
[TimeControl "2700+45"]

1. d4 Nf6 2. Nf3 g6 3. c4 Bg7 4. Nc3 O-O 5. e4 d6 6. Be2 e5 7. O-O Na6 8. Be3
Ng4 9. Bg5 Qe8 10. c5 h6 11. Bh4 exd4 12. Nxd4 dxc5 13. Nb3 c4 14. Bxc4 Nb4 15.
a3 Nc6 16. h3 Nge5 17. Be2 Be6 18. Nc5 Nc4 19. Rb1 g5 20. Bg3 Rd8 21. Nd5 Nxb2
22. Qd2 Bxd5 23. exd5 Nd4 24. Bh5 Rxd5 25. Qxb2 Rxc5 26. Qxb7 Nb5 27. Rfe1 Qd7
28. Red1 Qe8 29. Re1 Qd7 30. Red1 Qe8 31. Re1 {Game drawn by repetition} 1/2-1/2

[Event "Team 45 45 League T37"]
[Site "Internet Chess Club"]
[Date "2008.05.04"]
[Round "2"]
[White "DTK"]
[Black "nissehult"]
[Result "1-0"]
[WhiteElo "2167"]
[BlackElo "2032"]
[Opening "Scandinavian: Marshall variation"]
[ECO "B01"]
[Time "16:00:28"]
[TimeControl "2700+45"]

1. e4 d5 2. exd5 Nf6 3. d4 Nxd5 4. c4 Nb6 5. Nf3 Bg4 6. Be2 Nc6 7. Be3 g6 8. O-O
Bg7 9. Nbd2 Bxf3 10. Nxf3 O-O 11. d5 Ne5 12. Nxe5 Bxe5 13. Qc2 Qd7 14. Rad1 c6
15. dxc6 Qxc6 16. b3 Rfd8 17. f4 Bg7 18. Bf3 Qc7 19. Qe4 Rxd1 20. Rxd1 Rd8 21.
Rxd8+ Qxd8 22. Qxb7 Bd4 23. Qe4 Bxe3+ 24. Qxe3 Nc8 25. c5 e6 26. b4 Qf6 27. Qe5
Qd8 28. Qc3 Qc7 29. g3 {Black resigns} 1-0

[Event "Team 45 45 League T37"]
[Site "Internet Chess Club"]
[Date "2008.05.01"]
[Round "2"]
[White "PandorasBox"]
[Black "jorobo"]
[Result "1-0"]
[WhiteElo "2090"]
[BlackElo "2117"]
[Opening "Queen's pawn: Chigorin variation"]
[ECO "D00"]
[Time "16:06:32"]
[TimeControl "2700+45"]

1. d4 d5 2. Nc3 Bf5 3. Bf4 Nf6 4. e3 e6 5. Bd3 Bxd3 6. cxd3 c6 7. Nf3 Nbd7 8.
O-O Be7 9. Re1 Nh5 10. Be5 O-O 11. h3 Nxe5 12. dxe5 g6 13. d4 f5 14. Qb3 Qd7 15.
Rec1 g5 16. Qd1 Qe8 17. a3 Rc8 18. b4 Rc7 19. Ne1 Bd8 20. Nd3 g4 21. hxg4 fxg4
22. Qxg4+ Rg7 23. Qh3 Kh8 24. Ne2 Rfg8 25. g3 Bg5 26. Ndf4 Bxf4 27. exf4 Rg4 28.
Kh2 Qf7 29. Rg1 R4g7 30. Rac1 a6 31. a4 Qg6 32. b5 axb5 33. axb5 cxb5 34. Rb1
Rc7 35. g4 Qe4 36. gxh5 Rxg1 37. Rxg1 Qxe2 38. Rg2 Rg7 39. Rxg7 Kxg7 40. Qh4 b4
41. Qf6+ Kg8 42. Qxe6+ Kf8 43. Qf5+ Kg8 44. Qc8+ Kg7 45. Qd7+ Kh6 46. Qe6+ Kg7
47. h6+ Kf8 48. Qc8+ Ke7 49. Qxb7+ Ke6 50. Qc8+ Ke7 51. Qc7+ Ke6 52. f5+ Kxf5
53. Qxh7+ Kg5 54. Qg7+ Kf5 55. Qf7+ Ke4 56. h7 b3 57. h8=Q b2 58. Qhh7+ Kxd4 59.
Qa7+ Kc3 60. Qc5+ {Black resigns} 1-0

[Event "Team 45 45 League T37"]
[Site "Internet Chess Club"]
[Date "2008.05.06"]
[Round "2"]
[White "chsrules88"]
[Black "Squeaker"]
[Result "1-0"]
[WhiteElo "2033"]
[BlackElo "1936"]
[Opening "KP: Colorado counter"]
[ECO "B00"]
[Time "18:01:40"]
[TimeControl "2700+45"]

1. e4 Nc6 2. Nf3 f5 3. exf5 d5 4. Bb5 Bxf5 5. Ne5 Bd7 6. Bxc6 bxc6 7. Qh5+ g6 8.
Nxg6 Nf6 9. Qh4 Rg8 10. Nxf8 Kxf8 11. O-O Rg4 12. Qh6+ Kf7 13. Re1 Qg8 14. g3
Rg5 15. d4 Rh5 16. Qf4 Qg6 17. Na3 e5 18. dxe5 Re8 19. Bd2 Rf5 20. Qd4 Ng4 21.
f4 Rh5 22. Re2 Rg8 23. Qxa7 Nxh2 24. e6+ Ke7 25. Bb4+ Kd8 26. e7+ Ke8 27. Qa8+
Kf7 28. Qf8+ Rxf8 29. exf8=Q# {Black checkmated} 1-0

[Event "Team 45 45 League T37"]
[Site "Internet Chess Club"]
[Date "2008.05.02"]
[Round "2"]
[White "pestka"]
[Black "Folgers"]
[Result "1-0"]
[WhiteElo "2245"]
[BlackElo "2055"]
[Opening "Queen's pawn: Lundin (Kevitz-Mikenas) defense"]
[ECO "A40"]
[Time "00:34:13"]
[TimeControl "2700+45"]

1. d4 Nc6 2. Nf3 d6 3. e4 Nf6 4. Nc3 Bg4 5. d5 Ne5 6. Nxe5 dxe5 7. Bb5+ Bd7 8.
Qe2 a6 9. Bxd7+ Qxd7 10. f4 exf4 11. Bxf4 e6 12. O-O-O Bb4 13. Qc4 Bxc3 14. Qxc3
O-O 15. Rhe1 exd5 16. Be5 Ne8 17. exd5 f6 18. Bg3 Nd6 19. Re6 Nb5 20. Qb3 Rad8
21. c4 Nd6 22. c5 Nf5 23. Qxb7 Nxg3 24. hxg3 Qa4 25. Qb3 Qa5 26. Qc4 Ra8 27. Rd3
Qb5 28. Qxb5 axb5 29. a3 Rfe8 30. Rde3 Rxe6 31. Rxe6 Kf7 32. Rc6 Ra7 33. Kd2 Ke7
34. Kc3 Kd7 35. Kb4 h5 36. b3 Ra8 37. Re6 Rf8 38. Kxb5 g5 39. a4 h4 40. gxh4
gxh4 41. b4 h3 42. gxh3 f5 43. c6+ Kd8 44. Re3 f4 45. Rf3 Rf5 46. Kc5 Kc8 47.
Kd4 {Black resigns} 1-0

[Event "Team 45 45 League T37"]
[Site "Internet Chess Club"]
[Date "2008.05.02"]
[Round "2"]
[White "Petrozjan"]
[Black "killer21"]
[Result "0-1"]
[WhiteElo "2023"]
[BlackElo "2241"]
[Opening "Old Benoni defense"]
[ECO "A46"]
[Time "13:04:41"]
[TimeControl "2700+45"]

1. d4 Nf6 2. Nf3 c5 3. d5 d6 4. Nc3 e5 5. e4 Be7 6. Bb5+ Nbd7 7. a4 a6 8. Bd3 b6
9. Nd2 O-O 10. Nc4 Ne8 11. Ne3 g6 12. g3 Ng7 13. O-O f5 14. f4 exf4 15. gxf4
fxe4 16. Nxe4 Nf6 17. Ng3 Bh3 18. Rf2 Nfh5 19. Ng4 Qd7 20. Be2 Bh4 21. Nh6+ Kh8
22. Ra3 b5 23. Kh1 Rae8 24. axb5 axb5 25. Raf3 Nf5 26. Nhxf5 Bxf5 27. Bd3 Bg4
28. b3 Nxg3+ 29. hxg3 Bxg3 30. Bb2+ Kg8 31. Rxg3 Bxd1 32. f5 Re1+ 33. Kg2 Qf7
34. c4 Bxb3 35. Rgf3 g5 36. Bc3 bxc4 37. Bxe1 cxd3 38. Rxd3 Bxd5+ {White
resigns} 0-1

[Event "Team 45 45 League T37"]
[Site "Internet Chess Club"]
[Date "2008.05.02"]
[Round "2"]
[White "gezira"]
[Black "forketta"]
[Result "1-0"]
[WhiteElo "2228"]
[BlackElo "1991"]
[Opening "Ruy Lopez: closed, Flohr-Zaitsev system (Lenzerheide variation)"]
[ECO "C92"]
[Time "15:15:12"]
[TimeControl "2700+45"]

1. e4 e5 2. Nf3 Nc6 3. Bb5 a6 4. Ba4 Nf6 5. O-O Be7 6. Re1 b5 7. Bb3 d6 8. h3
O-O 9. c3 Bb7 10. d4 Re8 11. Nbd2 Bf8 12. Bc2 g6 13. Nf1 exd4 14. cxd4 Nb4 15.
Ng3 Nxc2 16. Qxc2 c5 17. d5 Nd7 18. Bf4 Qc7 19. Rad1 Bg7 20. Bd2 b4 21. Bxb4 a5
22. Bc3 Ba6 23. Bxg7 Kxg7 24. Qc3+ Kg8 25. e5 Nxe5 26. Nxe5 Rxe5 27. Rxe5 dxe5
28. Ne4 f5 29. d6 Qg7 30. d7 Rd8 31. Nxc5 {Black resigns} 1-0

[Event "Team 45 45 League T37"]
[Site "Internet Chess Club"]
[Date "2008.05.05"]
[Round "2"]
[White "Elddir"]
[Black "andreip"]
[Result "1/2-1/2"]
[WhiteElo "2006"]
[BlackElo "2066"]
[Opening "Dutch: Staunton gambit, Chigorin variation"]
[ECO "A83"]
[Time "15:35:47"]
[TimeControl "2700+45"]

1. d4 f5 2. e4 fxe4 3. Nc3 Nf6 4. Bg5 c6 5. Qd2 d5 6. O-O-O h6 7. Bh4 Bf5 8. f3
Nbd7 9. Nge2 exf3 10. gxf3 Qa5 11. Kb1 O-O-O 12. Bg3 e6 13. h4 Nh5 14. Be5 Nxe5
15. dxe5 Bb4 16. Nd4 Bxc3 17. bxc3 Rhf8 18. Nb3 Qc7 19. Qd4 b6 20. Ba6+ Kb8 21.
Kb2 Rf7 22. Rhg1 Rdf8 23. Rdf1 Bh3 24. Rf2 c5 25. Qe3 Rf4 26. Rh1 Rxh4 27. Rfh2
Nf4 28. Bf1 Bxf1 29. Rxh4 Ng2 30. Qf2 Nxh4 31. Rxh4 Bb5 32. Qg3 Rf5 33. f4 Qe7
34. Nd2 g5 35. Rxh6 gxf4 36. Qh3 Kc7 37. Nf3 Bd7 38. Qg4 Qf7 39. Rg6 Qf8 40. Rg7
Rf7 41. Rg8 Qh6 42. Ng5 Rf8 43. Rg7 Rf5 44. Nf3 Qh5 45. Qg2 Rf7 46. Rg5 {Game
drawn by mutual agreement} 1/2-1/2

[Event "Team 45 45 League T37"]
[Site "Internet Chess Club"]
[Date "2008.05.03"]
[Round "2"]
[White "noHz"]
[Black "kingcapture"]
[Result "0-1"]
[WhiteElo "2184"]
[BlackElo "2237"]
[Opening "King's Indian defense, 3.Nc3"]
[ECO "E61"]
[Time "15:04:41"]
[TimeControl "2700+45"]

1. d4 Nf6 2. c4 g6 3. Nc3 Bg7 4. Nf3 d6 5. h3 O-O 6. e3 c6 7. Be2 Nbd7 8. O-O e5
9. dxe5 dxe5 10. e4 Qc7 11. Be3 Rd8 12. Qc2 Nf8 13. Rfd1 Be6 14. c5 Nh5 15. b4
Nf4 16. Bf1 h6 17. a4 g5 18. b5 N8g6 19. Kh2 g4 20. Ng1 gxh3 21. g3 Ng2 22. Bxg2
hxg2 23. Kxg2 h5 24. Nh3 f6 25. f3 Kf7 26. Rh1 Rh8 27. Nd1 Bh6 28. Bf2 Rad8 29.
Ne3 Qc8 30. Nc4 Bf8 31. Be3 h4 32. g4 cxb5 33. axb5 Bxc5 34. Nxe5+ Nxe5 35. Qxc5
Bxg4 36. fxg4 Qxg4+ 37. Kf1 Rd1+ 38. Rxd1 Qxd1+ 39. Kf2 Nd3+ {White resigns} 0-1

[Event "Team 45 45 League T37"]
[Site "Internet Chess Club"]
[Date "2008.05.06"]
[Round "2"]
[White "izit"]
[Black "palito"]
[Result "1-0"]
[WhiteElo "2214"]
[BlackElo "2115"]
[Opening "Sicilian: accelerated fianchetto, Maróczy bind"]
[ECO "B36"]
[Time "15:05:54"]
[TimeControl "2700+45"]

1. e4 c5 2. Nf3 g6 3. d4 cxd4 4. Nxd4 Nc6 5. c4 Nf6 6. Nc3 Nxd4 7. Qxd4 Bg7 8.
Be2 O-O 9. e5 Ne8 10. h4 d6 11. h5 e6 12. f4 Qc7 13. Nb5 Qc5 14. Qxc5 dxc5 15.
Be3 a6 16. Nc3 b6 17. Bf3 Rb8 18. O-O-O Bb7 19. Ne4 f6 20. exf6 Nxf6 21. Nxf6+
Bxf6 22. Bxb7 Rxb7 23. Rd6 e5 24. hxg6 hxg6 25. fxe5 Bxe5 26. Rxg6+ Bg7 27. Rh3
Rf1+ 28. Kc2 Ra1 29. Rhg3 Kh7 30. a3 Re1 31. R6g4 Re2+ 32. Bd2 Rd7 33. Rd3 Rd4
34. Rdxd4 Bxd4 35. Kd3 Rf2 36. b4 Rf1 37. Rh4+ Kg7 38. Rh6 Ra1 39. Rxb6 Rxa3+
40. Ke4 Ra2 41. Bh6+ Kf7 42. bxc5 Bxc5 43. Rc6 Bg1 44. g3 a5 45. Kf5 a4 46. Rc7+
Ke8 47. Bg7 Bh2 48. Be5 a3 49. Ke6 Kd8 50. Ra7 Kc8 51. Bd6 Re2+ 52. Kd5 Kd8 53.
Rxa3 Kd7 54. Ra7+ Ke8 55. c5 Re3 56. c6 Rd3+ 57. Ke6 Re3+ 58. Be5 Rxe5+ 59. Kxe5
Bxg3+ 60. Kd5 Kd8 61. Rh7 Bf4 62. Kc5 Kc8 63. Rf7 Be5 64. Kb6 Bd4+ 65. Ka6 Be5
66. Rd7 Bf4 67. Kb5 Bg3 68. Rg7 Be5 69. Rf7 Bg3 70. Kb6 Bd6 71. c7 Be7 72. Rg7
{Black resigns} 1-0

[Event "Team 45 45 League T37"]
[Site "Internet Chess Club"]
[Date "2008.05.01"]
[Round "2"]
[White "chiiwen"]
[Black "therealwizard"]
[Result "0-1"]
[WhiteElo "2073"]
[BlackElo "2149"]
[Opening "Ruy Lopez: Berlin defense, open variation"]
[ECO "C67"]
[Time "20:03:23"]
[TimeControl "2700+45"]

1. e4 e5 2. Nf3 Nc6 3. Bb5 Nf6 4. O-O Nxe4 5. d4 Nd6 6. Bxc6 dxc6 7. dxe5 Nf5 8.
Qe2 Nd4 9. Nxd4 Qxd4 10. Kh1 Bc5 11. Nc3 Be6 12. Qe4 O-O 13. Bf4 Rad8 14. Rad1
Qc4 15. Bg3 Rd4 16. Qe2 Rfd8 17. Rxd4 Rxd4 18. Qxc4 Bxc4 19. Rc1 Be6 20. f3 Rd7
21. Ne4 Bb6 22. Bf4 h6 23. c4 Bxc4 24. b3 Be6 25. h4 Bf5 26. Ng3 Bd3 27. Nf1 Rd4
28. g3 Kf8 29. Kg2 Ke7 30. Ne3 Rxf4 31. gxf4 Bxe3 32. Rc3 Bxf4 33. Rxd3 Bxe5 34.
Kh3 h5 35. Re3 Kf6 36. Re4 Kf5 37. Kg2 f6 38. a4 c5 39. Kf2 g5 40. Kg2 a5 41.
Kh3 c6 42. Kg2 b5 43. Kf2 c4 44. axb5 cxb3 45. bxc6 b2 46. Rxe5+ Kxe5 47. c7
b1=Q 48. c8=Q Qb2+ 49. Ke3 Qd4+ 50. Ke2 gxh4 51. Qc7+ Kf5 52. Qh7+ Kf4 53. Qh6+
Kg3 54. Qg7+ Kh2 55. Kf1 h3 56. Qc7+ Kh1 57. Qg3 Qd1+ {White resigns} 0-1

[Event "Team 45 45 League T37"]
[Site "Internet Chess Club"]
[Date "2008.05.01"]
[Round "2"]
[White "Qui"]
[Black "martineden"]
[Result "0-1"]
[WhiteElo "1988"]
[BlackElo "2010"]
[Opening "QGD semi-Slav"]
[ECO "D43"]
[Time "10:03:26"]
[TimeControl "2700+45"]

1. d4 d5 2. c4 e6 3. Nf3 Nf6 4. Nc3 c6 5. Bd2 Nbd7 6. e3 Be7 7. Qc2 O-O 8. Bd3
h6 9. b3 c5 10. O-O cxd4 11. exd4 dxc4 12. bxc4 b6 13. Rae1 Bb7 14. Qc1 Re8 15.
Bb1 Rc8 16. Ne5 Bf8 17. Qc2 Qe7 18. Re3 g6 19. Rh3 h5 20. Bg5 Bg7 21. f3 Nxe5
22. dxe5 Qc5+ 23. Kh1 Qxe5 24. f4 Qf5 25. Rd3 Ne4 26. Qd1 Qc5 27. Nxe4 Bxe4 28.
Rd7 Bxb1 29. Qxb1 a5 30. Rfd1 Bf8 31. Qb2 Bg7 32. Bf6 Bxf6 33. Qxf6 Rf8 34. Qb2
Qxc4 35. Qxb6 Qxa2 36. Qb7 Qe2 37. Rg1 Rb8 38. Qa7 Ra8 39. Qb7 Qa6 40. Qc7 a4
41. h3 a3 42. g4 a2 43. Ra1 Rac8 44. Qd6 Qa8+ 45. Kg1 Rb8 46. Qd3 Rb2 47. Qf1
Qe4 48. Rdd1 Qe3+ 49. Kh1 Rf2 50. Qd3 Qxf4 {White resigns} 0-1

[Event "Team 45 45 League T37"]
[Site "Internet Chess Club"]
[Date "2008.05.02"]
[Round "2"]
[White "JustinSane"]
[Black "Kolibri"]
[Result "1/2-1/2"]
[WhiteElo "2121"]
[BlackElo "2019"]
[Opening "Queen's pawn: London system"]
[ECO "A45"]
[Time "15:00:11"]
[TimeControl "2700+45"]

1. d4 Nf6 2. Bf4 e6 3. e3 b6 4. c4 Bb7 5. Nc3 d5 6. Nf3 Be7 7. cxd5 Nxd5 8. Bg3
Nxc3 9. bxc3 O-O 10. Bd3 c5 11. O-O Nc6 12. Qc2 h6 13. Qe2 cxd4 14. cxd4 Nb4 15.
Bc4 Bd5 16. Bxd5 Nxd5 17. Rfc1 Bd6 18. Rc6 Bxg3 19. hxg3 Ne7 20. Rc2 Rc8 21.
Rac1 Qd7 22. Qa6 f6 23. e4 Rxc2 24. Rxc2 Rc8 25. Rxc8+ Nxc8 26. d5 exd5 27. exd5
Ne7 28. d6 Qxd6 29. Qxa7 Nf5 30. Qa8+ Kf7 31. Qb7+ Ne7 32. Nh4 g5 33. Nf3 Qe6
34. a4 Qc6 35. Qa7 Qd6 36. Qa6 Qc5 37. Qd3 Kg7 38. Nd4 Qd5 39. g4 Qe5 40. g3
Qe1+ 41. Kg2 Qe5 42. Kf3 Qd5+ 43. Qe4 Kf7 44. Nf5 Qd1+ 45. Kg2 Nxf5 46. gxf5 Qd7
47. Qc4+ Ke7 48. g4 Qd6 49. Qe4+ Kd7 50. Kf3 Qd1+ 51. Kg3 Qg1+ {Game drawn by
mutual agreement} 1/2-1/2

[Event "Team 45 45 League T37"]
[Site "Internet Chess Club"]
[Date "2008.05.02"]
[Round "2"]
[White "baumhauer"]
[Black "nardz"]
[Result "1-0"]
[WhiteElo "1974"]
[BlackElo "2090"]
[Opening "Réti opening"]
[ECO "A11"]
[Time "03:32:40"]
[TimeControl "2700+45"]

1. Nf3 d5 2. c4 c6 3. e3 Nf6 4. Nc3 a6 5. b3 b5 6. Bb2 Bg4 7. Qc2 Bxf3 8. gxf3
g6 9. Ne2 Bg7 10. Bg2 O-O 11. O-O Nbd7 12. f4 Rc8 13. Kh1 Re8 14. Rac1 Qb6 15.
d4 e6 16. Bf3 Qb7 17. c5 b4 18. Rg1 a5 19. Ng3 Qc7 20. a4 h5 21. Be2 Nf8 22. Bd3
Qe7 23. h3 Qd7 24. Kh2 Re7 25. Rg2 Qe8 26. Rcg1 Rcc7 27. Be2 h4 28. Nf1 Ne4 29.
Bd3 f5 30. f3 Ng3 31. Nxg3 hxg3+ 32. Rxg3 Qf7 33. Bc1 Qf6 34. Bd2 Kf7 35. Be1
Ke8 36. Rg5 Bh6 37. R5g2 Rh7 38. Qf2 Rh8 39. Bf1 Rch7 40. Rg3 Ra7 41. Qe2 Kd8
42. Qd3 Rhh7 43. Bd2 Bg7 44. Kg2 Rh6 45. Kf2 Rh4 46. Ke2 Bh8 47. Kd1 Rh5 48. Be1
Bg7 49. Bf2 Bh6 50. Kc2 Kc8 51. Be1 Kb8 52. Bd2 Bg7 53. Rg5 Rh7 54. Rh1 Rh6 55.
Be1 Nh7 56. Rgg1 Rh5 57. h4 Bh6 58. Bh3 Bg7 59. Bf2 Nf8 60. e4 Rh7 61. Re1 Bh6
62. exd5 exd5 63. Re8+ Kc7 64. Qe3 Nd7 65. Re1 Rf7 66. Qd2 Bf8 67. R1e6 Qg7 68.
Qe2 Nxc5 69. Rxc6+ Kxc6 70. Qb5+ Kc7 71. Qb8+ Kc6 72. Bf1 Nb7 73. Bb5+ Kb6 74.
Re6+ {Black resigns} 1-0

[Event "Team 45 45 League T37"]
[Site "Internet Chess Club"]
[Date "2008.05.04"]
[Round "2"]
[White "NFork"]
[Black "Monsoon-Smith"]
[Result "1/2-1/2"]
[WhiteElo "2252"]
[BlackElo "2028"]
[Opening "Sicilian: Kan, 5.Bd3"]
[ECO "B42"]
[Time "15:07:21"]
[TimeControl "2700+45"]

1. e4 c5 2. Nf3 e6 3. d4 cxd4 4. Nxd4 a6 5. Bd3 Qc7 6. O-O Nf6 7. c4 Nc6 8. Nxc6
dxc6 9. f4 e5 10. f5 Bc5+ 11. Kh1 h5 12. Qe2 Ng4 13. Nc3 Qd8 14. Bc2 Nxh2 15.
Rd1 Qe7 16. g3 Ng4 17. Kg2 Bd7 18. Bd2 O-O-O 19. Na4 Bd4 20. c5 Bxc5 21. Bd3 Bd4
22. Rdc1 g6 23. Bxa6 gxf5 24. Qb5 Be8 25. Ba5 Kb8 26. Bxd8 cxb5 27. Bxe7 bxa4
28. Bd3 Bc6 29. Rxc6 bxc6 30. exf5 Kc7 31. Rb1 Re8 32. f6 Ne3+ 33. Kh3 Nd5 34.
Be2 Nxe7 35. fxe7 Rxe7 36. Bxh5 e4 37. Be2 Kd6 38. b3 axb3 39. axb3 c5 40. Kg4
f6 41. Kf5 e3 42. Rh1 Rg7 43. g4 Rg5+ 44. Ke4 Re5+ 45. Kd3 Re7 46. Rh5 Rb7 47.
Bd1 Rb4 48. Rf5 Ke6 49. Rf1 Rb6 50. Ke4 e2 51. Bxe2 Kd6 52. Bc4 Be5 53. Rf5 Bd4
54. Rh5 Rb7 55. Rd5+ Kc6 56. Rd8 Re7+ 57. Kf4 Re3 58. b4 Rc3 59. Bf7 Be5+ 60.
Kf5 cxb4 61. g5 Rf3+ 62. Ke6 Bc7 63. Be8+ Kb6 64. Rd4 fxg5 65. Rxb4+ Kc5 66.
Rb5+ Kd4 67. Rxg5 Re3+ 68. Kd7 Be5 69. Bg6 Rg3 70. Rxg3 Bxg3 {Game drawn because
neither player has mating material} 1/2-1/2

[Event "Team 45 45 League T37"]
[Site "Internet Chess Club"]
[Date "2008.05.03"]
[Round "2"]
[White "Holzschlange"]
[Black "The7thGuest"]
[Result "1/2-1/2"]
[WhiteElo "1899"]
[BlackElo "1983"]
[Opening "French: Winawer, Alekhine gambit, Kan variation"]
[ECO "C15"]
[Time "09:25:13"]
[TimeControl "2700+45"]

1. e4 e6 2. d4 d5 3. Nc3 Bb4 4. Ne2 dxe4 5. a3 Bxc3+ 6. Nxc3 Nc6 7. d5 exd5 8.
Qxd5 Nge7 9. Qxd8+ Nxd8 10. Nxe4 Bf5 11. Bd3 Ne6 12. Be3 a6 13. Rd1 O-O-O 14.
O-O Bg6 15. Nc5 Nxc5 16. Bxg6 Nxg6 17. Bxc5 Rxd1 18. Rxd1 Rd8 19. Rxd8+ Kxd8 20.
Bd4 f6 21. g3 Ke7 22. Kf1 Ke6 23. Ke2 Kd5 24. Kd3 f5 25. Bxg7 c5 26. c4+ Ke6 27.
Ke3 f4+ 28. Ke4 fxg3 29. hxg3 h5 30. f4 Ne7 31. Bc3 Nf5 32. Kf3 Nd6 33. g4 hxg4+
34. Kxg4 Nxc4 35. f5+ Kd5 36. f6 Nd6 37. Kg5 Ne4+ 38. Kg6 Nxf6 39. Kxf6 Kc4 40.
Ke6 b5 41. Kd6 b4 42. axb4 cxb4 43. Bg7 a5 44. Kc6 {Game drawn by mutual
agreement} 1/2-1/2

[Event "Team 45 45 League T37"]
[Site "Internet Chess Club"]
[Date "2008.05.04"]
[Round "2"]
[White "burnsja2003"]
[Black "houseofcook"]
[Result "1-0"]
[WhiteElo "1662"]
[BlackElo "1468"]
[Opening "QGD: Petrosian variation"]
[ECO "D55"]
[Time "10:05:13"]
[TimeControl "2700+45"]

1. d4 d5 2. c4 e6 3. Nc3 Nf6 4. Bg5 Be7 5. e3 O-O 6. Nf3 h6 7. Bxf6 Bxf6 8. Bd3
c6 9. O-O Nd7 10. Rc1 dxc4 11. Bxc4 b5 12. Bb3 Bb7 13. e4 a6 14. e5 Be7 15. Bc2
Re8 16. Be4 Rc8 17. Qe2 Qb6 18. Nd1 c5 19. Bxb7 Qxb7 20. dxc5 Nxc5 21. Ne3 Red8
22. Rfd1 Rd7 23. h3 Rcd8 24. Rxd7 Rxd7 25. Rd1 Qc7 26. Qc2 Qd8 27. Rxd7 Qxd7 28.
b3 Qd8 29. Qd1 Nd3 30. a4 b4 31. Qc2 a5 32. Qc6 Nc5 33. Nc4 Nxb3 34. Nd6 Nc1 35.
Qxc1 Bxd6 36. exd6 Qxd6 37. Qd2 Qe7 38. Qc2 Qb7 39. Nd4 Qb6 40. Nb5 Qd8 41. Kf1
Qd5 42. f3 Qe5 43. Kf2 g6 44. Qd2 Kg7 45. Qd4 Qxd4+ 46. Nxd4 e5 47. Nb3 Kf6 48.
Ke3 Ke6 49. Nxa5 Kd5 50. Kd3 f5 51. Nb3 e4+ 52. fxe4+ fxe4+ 53. Kc2 e3 54. a5
Kc6 55. a6 Kb6 56. a7 Kxa7 57. Kd3 e2 58. Kxe2 Kb6 59. Kd3 Kb5 60. Kd4 g5 61. g4
Ka4 62. Kc4 Ka3 63. Nc5 Kb2 64. Kxb4 Kc2 65. Kc4 Kd2 66. Kd4 Ke2 67. Ke4 Kf2 68.
Kf5 Kg3 69. Nd7 Kxh3 70. Ne5 Kg3 71. Nf7 h5 72. gxh5 g4 73. Ne5 Kh4 74. h6 g3
75. h7 g2 76. Kf4 {Black resigns} 1-0

[Event "Team 45 45 League T37"]
[Site "Internet Chess Club"]
[Date "2008.05.02"]
[Round "2"]
[White "AtomicDog"]
[Black "dscvdchk"]
[Result "0-1"]
[WhiteElo "1346"]
[BlackElo "1531"]
[Opening "Scandinavian: Marshall variation"]
[ECO "B01"]
[Time "14:55:59"]
[TimeControl "2700+45"]

1. e4 d5 2. exd5 Nf6 3. d4 Nxd5 4. c4 Nb6 5. Nf3 e6 6. Nc3 c6 7. c5 Nd5 8. Bc4
Be7 9. O-O O-O 10. Re1 Re8 11. a3 b6 12. Nxd5 exd5 13. Ba2 bxc5 14. dxc5 Bxc5
15. b4 Rxe1+ 16. Qxe1 Be7 17. Be3 Bf6 18. Rd1 Bg4 19. h3 Bxf3 20. gxf3 Nd7 21.
f4 Nf8 22. Qe2 Qd7 23. Qf3 a6 24. Bc4 Qe7 25. Bc5 Qe4 26. Qxe4 dxe4 27. Rd6 Ng6
28. Rd7 Nxf4 29. Rxf7 Kh8 30. Bxa6 Nxh3+ 31. Kg2 Ng5 32. Rd7 h6 33. Ra7 Rd8 34.
Bb7 Nf3 35. Bxc6 Ng5 36. f3 Rd2+ 37. Kg3 exf3 38. Bxf3 Rd3 39. Ra8+ Kh7 40. Ra7
Rxf3+ 41. Kg4 Rc3 42. Kf5 Rf3+ 43. Kg4 Kg6 44. Ra6 h5+ {White resigns} 0-1

[Event "Team 45 45 League T37"]
[Site "Internet Chess Club"]
[Date "2008.05.03"]
[Round "2"]
[White "mal57"]
[Black "archae13"]
[Result "1-0"]
[WhiteElo "1392"]
[BlackElo "1315"]
[Opening "Pirc: Byrne variation"]
[ECO "B07"]
[Time "21:07:51"]
[TimeControl "2700+45"]

1. e4 d6 2. d4 Nf6 3. Nc3 g6 4. Bg5 Bg7 5. Bxf6 Bxf6 6. e5 dxe5 7. dxe5 Qxd1+ 8.
Rxd1 Bxe5 9. Nf3 Bg7 10. Nd5 O-O 11. Bc4 Nc6 12. Nxc7 Rb8 13. O-O Bg4 14. h3
Bxf3 15. gxf3 Nb4 16. c3 Nc6 17. b4 Ne5 18. Bb3 Nxf3+ 19. Kg2 Rbc8 20. Nd5 Rfe8
21. Kxf3 e6 22. Ba4 exd5 23. Bxe8 Rxe8 24. Rxd5 Bxc3 25. Rd7 Bxb4 26. Rxb7 a5
27. Rd1 Rc8 28. Rdd7 Rc3+ 29. Kg2 Rc2 30. Rxf7 Rxa2 31. Rfd7 a4 32. Rb8+ Bf8 33.
Rdd8 a3 34. Rxf8+ Kg7 35. Rf3 Rb2 36. Rxa3 Rxb8 37. Ra7+ Kh6 38. Kg3 Rb3+ 39. f3
Rb1 40. Kf4 Rg1 41. Ke3 Rg3 42. h4 Rh3 43. Ra4 Kh5 44. Ra7 h6 45. Ra5+ g5 46.
hxg5 hxg5 47. Ra8 Rg3 48. Rh8+ Kg6 49. Ke4 Rg1 50. Rg8+ Kh5 51. Kf5 Rg3 52. Rh8#
{Black checkmated} 1-0